AoeStats
← 文風

Black Forest

506412801Analyzed
4v4 RM · 20d ago on Sep 13, 2026· 82m 49s· 8 players
Game mode
Random Map
Map size
Large (8 player)
Population
200
Speed
Normal
Resources
Standard
Victory
Conquest
Starting age
Dark Age
Ending age
Imperial Age
RankedLock teamsTeams togetherTeam positionsShared explorationLock speedFull tech treeHidden civsTurbo modeCheats
Victory
Defeat
🇮🇳 Franks · India
1409
+15
🇫🇷 Bohemians · France
1399
+15
🇫🇷 Turks · France
1367
+16
🇫🇷 Mongols · France
1361
+17
🇭🇰 Turks · Hong Kong SAR China
1405
-17
🇧🇷 Spanish · Brazil
1386
-16
🇭🇰 Mongols · Hong Kong SAR China
1381
-16
🇭🇰 Persians · Hong Kong SAR China
1346
-14
Mateus Viana
1:07 Loom
10:12 Loom
12:45 Feudal Age
14:27 Town Watch
17:49 Castle Age
16:53 Double-Bit Axe
18:48 Bow Saw
27:09 Wheelbarrow
27:44 Horse Collar
35:24 Imperial Age
33:10 Hand Cart
34:45 Town Patrol
35:24 Padded Archer Armor
35:14 Man-at-Arms
35:40 Gambesons
36:04 Scale Mail Armor
36:33 Fletching
36:04 Long Swordsman
37:02 Chain Mail Armor
37:24 Forging
37:19 Squires
37:15 Two-Handed Swordsman
41:27 Pikeman
42:51 Plate Mail Armor
44:06 Iron Casting
45:36 Heavy Plow
46:40 Stone Mining
48:20 Blast Furnace
46:41 Halberdier
46:42 Champion
48:51 Gold Mining
49:42 Scale Barding Armor
50:44 Chain Barding Armor
53:03 Bloodlines
52:53 Husbandry
53:30 Plate Barding Armor
52:16 Light Cavalry
54:34 Hussar
55:27 Arson
58:56 Conscription
59:11 Hoardings
58:59 Supremacy
60:30 Sappers
67:48 Guard Tower
68:59 Chemistry
68:19 Ballistics
71:37 Keep
71:25 Bombard Tower
73:54 Bodkin Arrow
74:15 Leather Archer Armor
74:14 Masonry
73:52 Arrowslits
74:16 Caravan
79:22 Bracer
79:53 Ring Archer Armor
專業送分員
4:38 Loom
6:12 Loom
11:26 Feudal Age
12:18 Double-Bit Axe
14:55 Castle Age
15:38 Bow Saw
22:59 Wheelbarrow
23:51 Scale Barding Armor
25:03 Chain Barding Armor
25:13 Husbandry
25:24 Bloodlines
26:40 Forging
27:27 Hand Cart
36:12 Iron Casting
38:26 Imperial Age
38:13 Cavalier
39:39 Plate Barding Armor
39:54 Heavy Camel Rider
54:41 Blast Furnace
54:03 Caravan
56:00 Horse Collar
56:45 Light Cavalry
57:45 Heavy Plow
58:19 Hussar
72:20 Gold Mining
75:10 Squires
75:14 Scale Mail Armor
77:18 Crop Rotation
79:44 Pikeman
80:54 Chain Mail Armor
文風
10:54 Feudal Age
12:10 Double-Bit Axe
15:06 Castle Age
15:41 Horse Collar
22:48 Bow Saw
25:25 Wheelbarrow
24:57 Heavy Plow
25:26 Fishing Lines
26:24 Hand Cart
26:05 Gold Mining
28:42 Gold Shaft Mining
27:57 Stone Mining
31:20 Imperial Age
29:45 Fletching
29:55 Padded Archer Armor
30:20 Bloodlines
29:30 Light Cavalry
30:24 Bodkin Arrow
30:34 Scale Barding Armor
30:49 Husbandry
30:59 Gillnets
31:00 Town Watch
31:01 Loom
31:39 Ballistics
31:40 Leather Archer Armor
31:38 Thumb Ring
33:09 Conscription
32:09 Elite Mangudai
33:00 Bracer
33:21 Chain Barding Armor
33:12 Forging
34:15 Chemistry
32:56 Capped Ram
35:03 Cavalier
49:30 Siege Ram
51:34 Drill
51:19 Caravan
59:26 Iron Casting
屌炸天
0:33 Loom
13:18 Feudal Age
15:07 Double-Bit Axe
17:46 Castle Age
18:44 Bow Saw
25:01 Imperial Age
27:55 Padded Archer Armor
55:29 Two-Man Saw
58:15 Caravan
61:55 Husbandry
63:29 Forging
63:26 Scale Barding Armor
64:52 Bloodlines
70:17 Horse Collar
73:26 Wheelbarrow
79:41 Artillery
ya3
10:44 Loom
12:30 Feudal Age
14:03 Double-Bit Axe
14:03 Horse Collar
16:37 Castle Age
19:13 Fishing Lines
20:27 Bow Saw
24:36 Heavy Plow
26:27 Wheelbarrow
27:37 Stone Mining
30:57 Imperial Age
28:33 Padded Archer Armor
28:26 Fletching
29:44 Hand Cart
29:24 Gold Mining
29:37 Caravan
30:43 Leather Archer Armor
30:34 Scale Barding Armor
31:00 Ballistics
31:22 Husbandry
31:39 Bloodlines
32:04 Conscription
31:36 Heavy Camel Rider
33:19 Chemistry
32:22 Bodkin Arrow
32:51 Chain Barding Armor
33:02 Elite Mangudai
34:19 Elite Steppe Lancer
37:59 Forging
50:15 Bodkin Arrow
53:55 Thumb Ring
54:18 Parthian Tactics
Titi
11:24 Feudal Age
14:53 Castle Age
13:07 Double-Bit Axe
14:42 Fishing Lines
17:46 Gillnets
19:02 Horse Collar
20:19 Loom
22:07 Wheelbarrow
21:34 Town Watch
23:09 Heavy Plow
23:53 Hand Cart
24:37 Bow Saw
25:37 Fletching
26:34 Wagenburg Tactics
27:13 Fortified Wall
31:16 Imperial Age
29:23 Scale Mail Armor
29:35 Forging
30:27 Chemistry
29:08 Treadmill Crane
29:38 Masonry
29:26 Pikeman
30:08 Squires
30:26 Chain Mail Armor
31:30 Iron Casting
32:16 Conscription
31:18 Halberdier
31:20 Houfnice
32:13 Siege Engineers
32:43 Plate Mail Armor
33:03 Coinage
34:13 Town Patrol
36:06 Blast Furnace
35:39 Banking
35:20 Guilds
35:11 Caravan
37:30 Man-at-Arms
37:56 Arson
39:41 Padded Archer Armor
39:18 Long Swordsman
40:16 Two-Handed Swordsman
42:00 Leather Archer Armor
41:54 Champion
43:35 Architecture
44:11 Ring Archer Armor
63:33 Bodkin Arrow
64:19 Bombard Tower
64:39 Heavy Scorpion
65:33 Bracer
66:36 Two-Man Saw
69:55 Murder Holes
76:34 Ballistics
yalaric
0:55 Loom
13:45 Feudal Age
19:18 Castle Age
17:46 Horse Collar
17:54 Double-Bit Axe
18:01 Gold Mining
23:44 Imperial Age
24:11 Padded Archer Armor
49:00 Fortified Wall
57:27 Caravan
58:51 Leather Archer Armor
63:02 Wheelbarrow
62:12 Town Watch
72:54 Hand Cart
78:56 Bow Saw
Maverick
1:12 Loom
13:47 Feudal Age
18:24 Castle Age
17:13 Double-Bit Axe
20:13 Bow Saw
21:46 Wheelbarrow
25:08 Fishing Lines
26:38 Gold Mining
30:24 Imperial Age
28:24 Scale Barding Armor
32:56 Cavalier
33:37 Husbandry
35:05 Chivalry
35:25 Conscription
34:26 Paladin
36:10 Chain Barding Armor
36:00 Forging
36:02 Fletching
39:52 Plate Barding Armor
39:53 Iron Casting
44:31 Blast Furnace
51:27 Hoardings
51:49 Hand Cart
55:02 Caravan
58:10 Gold Shaft Mining
58:46 Stone Mining
Connection lost

Rejoining the realm…

Still unreachable

The connection could not be restored.

Session expired

The server has moved on; the page needs a fresh start.